 Dungeon Crawl Stone Soup version 0.31.0-32-g396128a36d (webtiles) character file.

Game seed: 13887665858156952080

13680 jombi the Summoner (level 11, 0/68 HPs)
             Began as a Demonspawn Hedge Wizard on Apr 10, 2024.
             Was a Believer of Sif Muna.
             Slain by a large abomination (19 damage)
             ... on level 1 of the Abyss on Apr 12, 2024.
             The game lasted 00:57:19 (15523 turns).

jombi the Summoner (Demonspawn Hedge Wizard)       Turns: 15523, Time: 00:57:20

Health: 0/68       AC:  6    Str: 11    XL:     11   Next: 78%
Magic:  15/15      EV: 11    Int: 18    God:    Sif Muna [**....]
Gold:   689        SH: 10    Dex: 13    Spells: 5/16 levels left

rFire   . . .        T - +5 spear (venom)
rCold   + . .        J - +0 buckler
rNeg    + . .        M - +2 robe {rC+}
rPois   .            c - +0 hat
rElec   .            R - +0 cloak
rCorr   .            q - +0 pair of gloves
SInv    .            (no boots)
Will    .....        k - amulet of reflection
Stlth   ++           v - ring of wizardry
HPRegen 0.31/turn    x - ring of positive energy
MPRegen 0.14/turn

%: reflection, wizardry (x1)
@: no status effects
A: hooves 2, horns 1, demonic guardian 2, weakness stinger 1
a: Renounce Religion, Channel Magic


You were on level 1 of the Abyss.
You worshipped Sif Muna.
Sif Muna was pleased with you.
You visited 2 branches of the dungeon, and saw 12 of its levels.
You visited the Abyss 1 time.
You also visited: Ossuary.

You collected 689 gold pieces.

Inventory:

Hand Weapons
 T - a +5 spear of venom (weapon)
Missiles
 j - 8 javelins
 K - 15 poisoned darts (quivered)
Armour
 b - a +0 robe
 c - a +0 hat (worn)
 i - a +2 helmet of see invisible
 n - a +0 helmet
 q - a +0 pair of gloves (worn)
 J - a +0 buckler (worn)
 M - a +2 robe of cold resistance (worn)
 R - a +0 cloak (worn)
 Z - a +2 leather armour of poison resistance
Jewellery
 k - an amulet of reflection (around neck)
 p - a ring of fire
 v - a ring of wizardry (left hand)
 x - a ring of positive energy (right hand)
 Y - a ring of willpower
Wands
 t - a wand of roots (13)
 H - a wand of polymorph (21)
 Q - a wand of flame (33)
 U - a wand of charming (13)
 X - a wand of light (4)
Scrolls
 d - 3 scrolls of amnesia
 o - 2 scrolls of poison
 r - 3 scrolls of noise
 w - 3 scrolls of blinking
 y - 2 scrolls of summoning {unknown}
 B - 2 scrolls of fog
 E - 4 scrolls of teleportation
 F - 3 scrolls of torment {unknown}
 I - 3 scrolls of identify {unknown}
 S - 2 scrolls of vulnerability {unknown}
 V - a scroll of enchant armour
 W - a scroll of fear
Potions
 a - a potion of enlightenment {unknown}
 e - 3 potions of might {unknown}
 f - a potion of berserk rage {unknown}
 h - 5 potions of curing
 m - 2 potions of ambrosia {unknown}
 s - 3 potions of lignification
 u - 2 potions of cancellation {unknown}
 z - 2 potions of mutation {unknown}
 A - 3 potions of invisibility {unknown}
 C - a potion of attraction {unknown}
 D - 4 potions of heal wounds
 G - 2 potions of haste {unknown}
 O - a potion of resistance {unknown}
 P - 4 potions of magic


   Skills:
 + Level 5.8 Polearms
 + Level 0.7 Throwing
 - Level 1.7 Dodging
 - Level 1.7 Stealth
 - Level 5.0 Shields
 - Level 3.0 Spellcasting
 + Level 5.2 Conjurations
 + Level 14.1 Summonings
 + Level 1.5 Translocations
 + Level 4.8 Air Magic
 + Level 4.8 Alchemy
 + Level 2.3 Evocations


You had 5 spell levels left.
You knew the following spells:

 Your Spells              Type           Power      Damage    Failure   Level
a - Magic Dart            Conj           84%        1d7       1%          1
b - Call Imp              Summ           100%       N/A       1%          2
c - Blink                 Tloc           16%        N/A       8%          2
d - Summon Small Mammal   Summ           100%       N/A       1%          1
e - Mephitic Cloud        Conj/Alch/Air  20%        N/A       3%          3
f - Mercury Vapours       Alch/Air       40%        N/A       1%          2

Your spell library contained the following spells:

 Spells                   Type           Power      Damage    Failure   Level
 Sting                    Conj/Alch      80%        1d8       1%          1
 Cigotuvi's Dreadful Rot  Necr/Alch/Air  28%        N/A       3%          2
 Apportation              Tloc           16%        N/A       4%          1
 Necrotise                Necr           8%         1d4       9%          1
 Sandblast                Erth           4%         2d4       9%          1
 Slow                     Hex            8%         N/A       9%          1
 Olgreb's Toxic Radiance  Alch           20%        N/A       12%         4
 Confusing Touch          Hex            2%         N/A       26%         3
 Sigil of Binding         Hex            2%         N/A       26%         3
 Vampiric Draining        Necr           2%         2d6       26%         3
 Iskenderun's Battlesphe  Conj           21%        2d7       26%         5
 Brom's Barrelling Bould  Conj/Erth      12%        2d4       28%         4
 Fireball                 Conj/Fire      6%         3d5       61%         5
 Conjure Ball Lightning   Conj/Air       10%        3x3d6     83%         6
 Orb of Destruction       Conj           10%        9d6       100%        7


Dungeon Overview and Level Annotations

Branches:
Dungeon (11/15)            Temple (1/1) D:7            Lair (0/5) D:11
Ossuary (visited)
    Orc: D:9-12

Altars:
Ashenzari
Cheibriados
Dithmenos
Fedhas
Gozag
Hepliaklqana
Kikubaaqudgha
Makhleb
Nemelex Xobeh
Okawaru
Qazlal
Ru
Sif Muna
Trog
Uskayaw
Vehumet
Wu Jian
Xom
Yredelemnul

Shops:
D:8 [

Annotations:
D:9 3 runed translucent doors, diceflayer's ghost, novice DsGl
D:11 Erolcha; Fannar


Innate Abilities, Weirdness & Mutations

You have hoof-like feet.
You have a pair of small horns on your head.
A demonic guardian rushes to your aid.
You have a small tail.


Message History

You block the anaconda skeleton's attack.
The anaconda skeleton barely misses you.
You puncture the anaconda skeleton! You kick the anaconda skeleton.
You headbutt the anaconda skeleton, but do no damage.
The anaconda skeleton is lightly damaged.
The anaconda skeleton grabs you. The anaconda skeleton bites you!
The anaconda skeleton constricts you.
You closely miss the anaconda skeleton. Your kick misses the anaconda skeleton.
Your headbutt misses the anaconda skeleton.
You tail-slap the anaconda skeleton.
The anaconda skeleton is lightly damaged.
The anaconda skeleton bites you! The anaconda skeleton constricts you.
You barely miss the anaconda skeleton. Your kick misses the anaconda skeleton.
You headbutt the anaconda skeleton.
The anaconda skeleton is moderately damaged.
The anaconda skeleton bites you but does no damage.
The anaconda skeleton constricts you.
A demonic guardian appears!
The anaconda skeleton bites you! The anaconda skeleton constricts you.
Unknown command.
The anaconda skeleton's grasp on you weakens, but your attempt to escape fails.
The anaconda skeleton bites you!
* * * LOW HITPOINT WARNING * * *
The anaconda skeleton constricts you.
* * * LOW HITPOINT WARNING * * *
Unknown command.
You escape the anaconda skeleton's grasp.
You swap places.
The anaconda skeleton grabs your orange demon.
The anaconda skeleton bites your orange demon.
The anaconda skeleton constricts your orange demon.
Your orange demon stings the anaconda skeleton!
Your orange demon completely misses the anaconda skeleton.
Unknown command.
You hit the large abomination. Your kick misses the large abomination.
You headbutt the large abomination, but do no damage.
The large abomination is lightly damaged.
The anaconda skeleton bites your orange demon.
The anaconda skeleton constricts your orange demon.
The large abomination hits you!!
You die...

.#...# #.
#....# #. .
#..#.... ##.
#....#. #..
.... ### # .
#.###.#.# ..
##Z......#.# .
#4#..#.....##.#
#@X# #..#......
#### ##.##..#
##. .# . ..###
#.#..# ...#.#
#...##..# ##..
#.x ##. #.#


You could see a large abomination, an anaconda skeleton (ally target) and a
friendly orange demon (summoned).

Vanquished Creatures
  Amaemon (D:8)
  Pikel (D:7)
  Maurice (D:10)
  2 cyclopes (D:11)
  An orange demon (D:8)
  An unseen horror (D:10)
  Jeremiah (D:7)
  A kobold demonologist (D:11)
  A red devil (D:8)
  A troll (D:11)
  2 hornets (D:8)
  Prince Ribbit (D:7)
  Grinder (D:4)
  A dream sheep (D:10)
  3 wyverns
  3 wraiths (D:10)
  4 yaks
  2 steam dragons
  3 vampire mosquitoes (D:10)
  An acid dragon (D:10)
  An orc warrior (D:9)
  2 sky beasts
  A black bear (D:8)
  An ogre (D:6)
  3 centaurs
  A lemure (D:7)
  A phantom (D:8)
  2 kobold brigands
  A weeping skull (Ossuary)
  6 bullfrogs
  2 scorpions
  3 wights (D:10)
  A burial acolyte (Ossuary)
  3 howler monkeys
  A bombardier beetle (D:7)
  7 hounds
  A jelly (D:4)
  An orc priest (D:7)
  Crazy Yiuf (D:7)
  A gnoll bouda (D:10)
  2 iguanas
  Ijyb (D:5)
  5 orc wizards
  A sleepcap (D:6)
  2 mummies (Ossuary)
  5 gnolls
  6 adders
  3 dart slugs
  2 ribbon worms (D:2)
  13 orcs
  10 endoplasms
  A giant cockroach (D:3)
  A gnoll zombie (Ossuary)
  9 goblins
  4 hobgoblins
  6 jackals
  10 kobolds
  2 quokkas
  7 ball pythons
  4 bats
  A frilled lizard (D:1)
  A kobold zombie (Ossuary)
  An orc zombie (Ossuary)
  2 rats
171 creatures vanquished.

Vanquished Creatures (collateral kills)
  Josephine (D:10)
  Erica (D:10)
  A lindwurm (D:9)
  2 red devils (D:8)
  A dream sheep (D:10)
  2 shadows
  2 wraiths
  A steam dragon (D:9)
  2 vampire mosquitoes (D:10)
  An acid dragon (D:10)
  Duvessa (D:4)
  2 ice beasts (D:7)
  An ogre (D:4)
  A gnoll sergeant (D:8)
  A bullfrog (D:6)
  A wight (D:10)
  Dowan (D:4)
  2 howler monkeys
  2 human zombies (Ossuary)
  An orc priest (D:10)
  A sleepcap (D:8)
  4 orc wizards
  2 mummies (Ossuary)
  3 gnolls (D:8)
  2 adders
  5 orcs
  A bat (D:1)
  2 goblins
  A hobgoblin (D:2)
  A jackal (D:1)
  A quokka (D:4)
  3 ball pythons (D:1)
  A frilled lizard (D:3)
  2 kobolds
  3 orc zombies (Ossuary)
  3 rats (D:2)
62 creatures vanquished.

Vanquished Creatures (others)
  A boulder beetle (D:11)
  A lindwurm (D:9)
  An unseen horror (D:11)
  A troll (D:11)
  An orc warrior (D:8)
  A human (D:10)
6 creatures vanquished.

Grand Total: 239 creatures vanquished

Notes
Turn   | Place    | Note
-------+----------+-------------------------------------------
     0 | D:1      | jombi the Demonspawn Hedge Wizard began the quest for the
                  | Orb.
     0 | D:1      | Reached XP level 1. HP: 13/13 MP: 4/4
   120 | D:1      | Reached skill level 1 in Translocations
   311 | D:1      | Discovered your monstrous ancestry.
   311 | D:1      | Gained mutation: You have large cloven feet. [demonic
                  | ancestry]
   311 | D:1      | Reached XP level 2. HP: 19/19 MP: 4/6
   314 | D:1      | Learned a level 2 spell: Call Imp
   317 | D:1      | Learned a level 2 spell: Blink
   400 | D:1      | Learned a level 1 spell: Summon Small Mammal
   795 | D:1      | Reached skill level 2 in Summonings
   795 | D:1      | Gained mutation: You have hoof-like feet. [demonic
                  | ancestry]
   795 | D:1      | Reached XP level 3. HP: 8/24 MP: 2/7
  1839 | D:2      | Found a shadowy altar of Dithmenos.
  2060 | D:2      | Found a faded altar of an unknown god.
  2065 | D:2      | Got Plato's Tome of Clay
  2138 | D:2      | Reached skill level 3 in Summonings
  2138 | D:2      | Gained mutation: A weak demonic guardian rushes to your
                  | aid. [demonic ancestry]
  2138 | D:2      | Reached XP level 4. HP: 30/30 MP: 3/8
  2709 | D:3      | Gained mutation: A demonic guardian rushes to your aid.
                  | [demonic ancestry]
  2709 | D:3      | Reached XP level 5. HP: 27/35 MP: 4/9
  3020 | D:3      | Learned a level 3 spell: Mephitic Cloud
  3032 | D:4      | Reached skill level 4 in Summonings
  3081 | D:4      | Identified a scroll of acquirement
  3081 | D:4      | Acquired a +1 helmet of see invisible
  3177 | D:4      | Found a sand-covered staircase.
  3182 | Ossuary  | Entered an ossuary
  3423 | Ossuary  | Reached skill level 5 in Summonings
  3423 | Ossuary  | Gained mutation: You have a small tail. [demonic ancestry]
  3423 | Ossuary  | Reached XP level 6. HP: 41/41 MP: 6/10
  3657 | D:4      | Reached skill level 6 in Summonings
  3679 | D:4      | Learned a level 2 spell: Mercury Vapours
  3803 | D:4      | Found a sacrificial altar of Ru.
  3934 | D:4      | Noticed Grinder
  3935 | D:4      | Paralysed by Grinder for 3 turns
  3937 | D:4      | Noticed Dowan
  3965 | D:4      | Noticed Duvessa
  3987 | D:4      | Killed Duvessa
  3988 | D:4      | Reached skill level 1 in Alchemy
  3988 | D:4      | Reached XP level 7. HP: 8/46 MP: 11/11
  3989 | D:4      | Killed Dowan
  3990 | D:4      | Paralysed by Grinder for 3 turns
  3996 | D:4      | Killed Grinder
  3997 | D:4      | Reached skill level 7 in Summonings
  4000 | D:4      | Reached skill level 1 in Shields
  4573 | D:5      | Entered Level 5 of the Dungeon
  4782 | D:5      | Reached skill level 8 in Summonings
  4807 | D:5      | Noticed Ijyb
  4816 | D:5      | Killed Ijyb
  4817 | D:5      | Reached XP level 8. HP: 52/52 MP: 5/12
  5703 | D:6      | Found a hide-covered altar of Uskayaw.
  5997 | D:6      | Reached skill level 9 in Summonings
  6088 | D:6      | Reached skill level 1 in Air Magic
  6265 | D:6      | Found a snail-covered altar of Cheibriados.
  7176 | D:7      | Reached skill level 10 in Summonings
  7176 | D:7      | Gained mutation: You have a pair of small horns on your
                  | head. [demonic ancestry]
  7176 | D:7      | Reached XP level 9. HP: 47/57 MP: 9/13
  7225 | D:7      | Noticed Jeremiah
  7240 | D:7      | Killed Jeremiah
  7361 | D:7      | Found a runed translucent door.
  7362 | D:7      | Noticed Crazy Yiuf
  7399 | D:7      | Noticed Pikel
  7443 | D:7      | Killed Pikel
  7552 | D:7      | Found a staircase to the Ecumenical Temple.
  7562 | Temple   | Entered the Ecumenical Temple
  7571 | Temple   | Became a worshipper of Sif Muna the Loreminder
  8169 | D:7      | Found a blossoming altar of Fedhas.
  8263 | D:7      | Noticed Prince Ribbit
  8272 | D:7      | Killed Prince Ribbit
  8273 | D:7      | Reached skill level 11 in Summonings
  8375 | D:7      | Found a radiant altar of Vehumet.
  8799 | D:7      | Killed Crazy Yiuf
  9376 | D:8      | Found Golenug's Antique Armour Shoppe.
  9392 | D:8      | Noticed Amaemon
  9399 | D:8      | Noticed an orange demon
  9418 | D:8      | Killed an orange demon
  9419 | D:8      | Reached XP level 10. HP: 43/63 MP: 2/14
  9422 | D:8      | Killed Amaemon
  9541 | D:8      | Found a sparkling altar of Nemelex Xobeh.
  9579 | D:8      | Reached skill level 1 in Polearms
  9676 | D:8      | Reached * piety under Sif Muna
 10154 | D:8      | Reached skill level 12 in Summonings
 10562 | D:8      | Found a shadowy altar of Dithmenos.
 10574 | D:8      | Reached skill level 1 in Evocations
 11262 | D:9      | Reached skill level 5 in Shields
 11337 | D:9      | Found a runed translucent gate.
 11337 | D:9      | Found a runed translucent gate.
 11338 | D:9      | Noticed a ten-headed hydra
 11338 | D:9      | Noticed diceflayer's ghost (novice DsGl)
 11338 | D:9      | Noticed a nine-headed hydra
 11343 | D:9      | Found a runed translucent gate.
 11355 | D:9      | Identified the +0 plate armour of Wogox {Int+6}
 11666 | D:9      | Noticed a lindwurm
 11666 | D:9      | Noticed a lindwurm
 11671 | D:9      | Noticed a lindwurm
 11695 | D:9      | Killed a lindwurm
 11704 | D:9      | Noticed a lindwurm
 12016 | D:9      | Identified the +4 hand axe "Embalmer" {freeze, *Corrode
                  | rF++ Str+3}
 12189 | D:10     | Entered Level 10 of the Dungeon
 12201 | D:10     | Found an ancient bone altar of Kikubaaqudgha.
 12236 | D:10     | Found a flagged portal.
 12257 | D:10     | Reached XP level 11. HP: 28/68 MP: 7/15
 12445 | D:10     | Noticed Maurice
 12455 | D:10     | Noticed Josephine
 12458 | D:10     | Killed Maurice
 12467 | D:10     | Killed Josephine
 12468 | D:10     | Reached skill level 13 in Summonings
 12935 | D:10     | Found an opulent altar of Gozag.
 12972 | D:10     | Noticed Erica
 12988 | D:10     | Killed Erica
 13024 | D:10     | Reached ** piety under Sif Muna
 13315 | D:10     | Reached skill level 5 in Polearms
 13315 | D:10     | Reached skill level 5 in Conjurations
 13947 | D:10     | Identified the +8 quarterstaff of the Median {spect, rN+
                  | Str+4}
 14527 | D:11     | Noticed Fannar
 14541 | D:11     | Killed a boulder beetle
 15075 | D:11     | Reached skill level 14 in Summonings
 15197 | D:11     | Noticed a sun demon
 15205 | D:11     | Noticed a two-headed ogre
 15318 | D:11     | Found a staircase to the Lair.
 15427 | D:11     | Noticed Erolcha
 15429 | Abyss:1  | Cast into level 1 of the Abyss (Erolcha)
 15463 | Abyss:1  | Found a corrupted altar of Lugonu.
 15523 | Abyss:1  | Slain by a large abomination

Illustrated notes

Levels and vault maps discovered:
D:1:      sevenhm_arrival_forest_fort_small_3, layout_loops_corners
D:2:      layout_basic, basic_altar, shapermc_ecumenical_altar_rom_forum,
          dreamdust_wishing_well, nicolae_wormholes
D:3:      layout_rooms
D:4:      layout_cave_pods, nicolae_ru_awakened_eye, enter_ossuary_2,
          uniq_grinder, uniq_duvessa
D:5:      layout_basic, elyvilon_altar_3, minmay_small_thing, uniq_ijyb
D:6:      layout_gridville, lemuel_coloured_pillars_altar,
          overflow_temple_1_default
D:7:      layout_layer_cave, mainiacjoe_overflow_tiny_flanked,
          mainiacjoe_overflow_big_doors, minmay_temple_entry_junction,
          minmay_misc_feat_encased, hangedman_decor_peaks_small,
          nicolae_twisty_statue_hallways, uniq_jeremiah,
          uniq_crazy_yiuf_cottage, uniq_prince_ribbit1, uniq_pikel
D:8:      layout_layer_cave, grunt_dithmenos_shadows,
          nemelex_xobeh_ov_fountains_minmay, serial_shops,
          nicolae_shop_tiny_waterfront, nicolae_two_hexagons,
          einodemon_armed_red_devil_minivault, uniq_amaemon
D:9:      layout_basic, gammafunk_ghost_hydra_chop, minmay_lindwurm_lava
D:10:     kennysheep_blocky_hall, layout_rooms,
          grunt_temple_overflow_gold_and_silver, tgw_kikubaaqudgha,
          enter_bailey_5, dreamdust_gnoll_shepherd, uniq_erica, uniq_maurice,
          uniq_josephine
D:11:     layout_basic, lair_entry_dummy, orc_0_dummy, xom_confusion_cloud,
          uniq_erolcha, uniq_fannar
Temple:   nicolae_temple_bog_church
Abyss:1:  base:
D:5

Skill      XL: |  1  2  3  4  5  6  7  8  9 10 11 |
---------------+----------------------------------+-----
Translocations | 1 |  1.5
Conjurations   | 2 3 4 5 |  5.2
Summonings     | 2 3 5 6 8 10 11 12 14 | 14.1
Alchemy        | 1 2 3 4 |  4.8
Shields        | 1 2 4 5 |  5.0
Air Magic      | 1 3 4 |  4.8
Polearms       | 3 5 |  5.8
Evocations     | 1 2 |  2.3
Throwing       | |  0.7
Dodging        | |  1.7
Stealth        | |  1.7
Spellcasting   | |  3.0

Action                     |  1- 3 |  4- 6 |  7- 9 | 10-12 || total
---------------------------+-------+-------+-------+-------++-------
  Melee: Dagger            |    32 |       |       |       ||    32
         Kick              |    14 |    23 |    50 |    71 ||   158
         Spear             |    21 |       |     4 |   309 ||   334
         Short sword       |     6 |    85 |   166 |       ||   257
         Punch             |       |     1 |     1 |       ||     2
         Tailslap          |       |     3 |    21 |    29 ||    53
         Headbutt          |       |       |    14 |    63 ||    77
  Throw: Javelin           |       |     2 |       |       ||     2
         Dart              |       |       |     3 |       ||     3
   Cast: Magic Dart        |    21 |    10 |    30 |    40 ||   101
         Call Imp          |    17 |    15 |    28 |    47 ||   107
         Summon Small Mamm |    20 |    24 |    48 |    71 ||   163
         Mercury Vapours   |       |     1 |    17 |    23 ||    41
         Mephitic Cloud    |       |     1 |    14 |    10 ||    25
         Blink             |       |     1 |     1 |     3 ||     5
  Evoke: Wand              |       |       |     2 |     9 ||    11
    Use: Scroll            |       |     6 |     1 |     4 ||    11
         Potion            |       |     1 |       |     5 ||     6
   Stab: Sleeping          |     1 |     1 |     2 |       ||     4
         Distracted        |     1 |     1 |     1 |    10 ||    13
         Confused          |       |       |     5 |     7 ||    12
 Armour: Robe              |    28 |    57 |   108 |   128 ||   321
         Skin              |       |       |       |    15 ||    15
         Leather armour    |       |       |       |    49 ||    49
  Dodge: Dodged            |    38 |    48 |    88 |    97 ||   271
  Block: Other             |       |    14 |     9 |       ||    23
         Buckler           |       |       |    80 |   106 ||   186
         Reflection        |       |       |     5 |     8 ||    13
